 Dungeon Crawl Stone Soup version 0.22-a0-393-g7f50228948 (webtiles) character file.

43043 DerHolg the Severer (level 13, -1/181 (183) HPs)
             Began as a Minotaur Berserker on Apr 30, 2018.
             Was a High Priest of Trog.
             Slain by a spriggan rider
             ... wielding a +0 spear
              (14 damage)
             ... on level 6 of the Lair of Beasts on May 3, 2018.
             The game lasted 02:05:25 (17163 turns).

DerHolg the Severer (Minotaur Berserker)           Turns: 17163, Time: 02:05:26

HP:   -1/181 (183)  AC: 15    Str: 28    XL:     13   Next: 88%
MP:   12/12         EV: 15    Int:  4    God:    Trog [*****.]
Gold: 1104          SH:  0    Dex: 14    Spells: 12/12 levels left

rFire    + + .     SeeInvis .   a - +3 battleaxe (elec)
rCold    . . .     Gourm    .   (shield currently unavailable)
rNeg     . . .     Faith    .   N - +0 chain mail {rF+}
rPois    +         Spirit   .   (helmet restricted)
rElec    .         Reflect  .   C - +0 cloak
rCorr    .         Harm     .   (no gloves)
MR       .....                  M - +0 pair of boots
Stlth    ..........             (no amulet)
HPRegen  0.40/turn              F - ring of poison resistance
MPRegen  0.13/turn              p - ring of protection from fire

@: berserking, drained, very quick
A: retaliatory headbutt, horns 2
a: Berserk, Trog's Hand, Brothers in Arms, Renounce Religion


You were on level 6 of the Lair of Beasts.
You worshipped Trog.
Trog was extremely pleased with you.
You were hungry.

You visited 2 branches of the dungeon, and saw 17 of its levels.
You also visited: Volcano.

You collected 1104 gold pieces.

Inventory:

Hand Weapons
 a - a +3 battleaxe of electrocution (weapon)
 b - a +2 great mace of flaming
 B - a +0 war axe
Missiles
 D - 5 javelins of penetration (quivered)
Armour
 d - a +0 leather armour of cold resistance
 s - a +0 troll leather armour
 C - a +0 cloak (worn)
 G - a +0 plate armour
 M - a +0 pair of boots (worn)
 N - a +0 chain mail of fire resistance (worn)
Jewellery
 p - a ring of protection from fire (right hand)
 u - a +4 ring of dexterity
 x - an uncursed ring of resist corrosion
 F - a ring of poison resistance (left hand)
Wands
 e - a wand of polymorph (20)
 E - a wand of digging (8)
 K - a wand of acid (9)
 Q - a wand of flame (9)
 R - a wand of scattershot (3)
 T - a wand of paralysis (13)
Scrolls
 f - a scroll of immolation {unknown}
 i - a scroll of noise {unknown}
 j - 4 scrolls of fear
 k - 2 scrolls of enchant armour {unknown}
 l - 9 scrolls of remove curse
 m - 5 scrolls of teleportation
 v - a scroll of magic mapping {unknown}
 w - a scroll of random uselessness {unknown}
 y - 4 scrolls of fog
 A - 16 scrolls of identify
 H - a scroll of vulnerability {unknown}
 L - a scroll of torment {unknown}
 V - a scroll of holy word {unknown}
Potions
 g - 3 potions of agility
 h - 2 potions of invisibility
 n - 6 potions of curing
 o - 3 potions of heal wounds {unknown}
 q - 3 potions of flight
 r - 2 potions of berserk rage
 t - 2 potions of ambrosia {unknown}
 z - a potion of lignification {unknown}
 I - a potion of might
 J - 2 potions of mutation {unknown}
 O - 3 potions of resistance {unknown}
 S - a potion of magic
Comestibles
 c - 24 rations
 P - 13 chunks of flesh


   Skills:
 + Level 13.2(12.6) Fighting
 * Level 17.5(16.9) Axes
 + Level 13.0(12.5) Armour
 + Level 12.0(11.5) Dodging


You had 12 spell levels left.
You didn't know any spells.

Dungeon Overview and Level Annotations

Branches:
Dungeon (11/15)            Temple (0/1) D:7            Lair (6/6) D:10
 Shoals (0/4) Lair:3       Spider (0/4) Lair:2          Orc (0/2) D:10
  Slime: Lair:5-6

Altars:
Ashenzari
Gozag
Hepliaklqana
Nemelex Xobeh
Okawaru
Qazlal
Sif Muna
Vehumet
Wu Jian
Xom
Yredelemnul
The Shining One

Shops:
D:8 *(   D:10 =

Annotations:
Lair:2 exclusion: oklob plant


Innate Abilities, Weirdness & Mutations

You reflexively headbutt those who attack you in melee.
You have a pair of horns on your head.


Message History

Your deep troll claws the spriggan rider! x2
Your deep troll disappears in a puff of smoke!
The spriggan rider hits you from afar with a spear!
* * * LOW HITPOINT WARNING * * *
The spriggan rider hits you but does no damage.
Okay, then.
Evoke which item? (* to show all) (? for menu, Esc to quit)
Aiming: Throw Flame
Press: ? - help, Shift-Dir - straight line, f - spriggan rider
Aim: a spriggan rider, wielding a spear (blue smoke, moderately wounded)
The puff of flame hits the spriggan rider.
The spriggan rider is heavily wounded.
The spriggan rider hits you from afar with a spear!
* * * LOW HITPOINT WARNING * * *
Okay, then.
A red film seems to cover your vision as you go berserk!
You feel yourself moving faster!
You feel mighty!
You are feeling hungry.
The spriggan rider hits you from afar with a spear!
You die...

##.PP....♣♣
#.........♣
#.PP##..♣♣
#..P.....♣♣
#######...P.....♣
.#.##...........♣♣
.<........P...♣♣.♣
...#.....#P...#♣.♣♣
P..#.#...##P..#.@.♣
#.####†.####.....)♣
#..#.....##....♣i.♣
♣
#......(..##...♣♣(♣♣
.♣
...P.##......♣♣♣♣♣)♣
.♣ #.P.####.....♣
♣)♣♣♣h♣ ...#. ..##.♣
♣.♣...♣ P..... ###
♣♣ ♣♣)..♣ ..P##..
♣...♣♣


You could see a spriggan rider.

Vanquished Creatures
  2 hydras
  Erica (D:8)
  5 two-headed ogres
  3 death yaks (Lair:3)
  An ogre mage (Volcano)
  2 tengu warriors (D:10)
  The ghost of loom the Carver, a novice DsBe of Trog (D:8)
  A hell knight (Volcano)
  The ghost of Deemzul the Slasher, a novice DsBe of Trog (D:7)
  A manticore (D:11)
  3 ugly things
  A merfolk siren (Lair:3)
  12 elephants
  2 black mambas (Lair:3)
  2 molten gargoyles (Volcano)
  10 spiny frogs
  4 komodo dragons
  2 trolls
  3 polar bears
  A jumping spider (Lair:2)
  A meliai (D:8)
  A hornet (Lair:6)
  18 blink frogs
  10 hippogriffs
  A spriggan (Lair:6)
  2 redbacks (Lair:2)
  A wyvern (Lair:5)
  A wraith (D:10)
  14 yaks
  6 fire bats (Volcano)
  4 basilisks
  Eustachio (D:5)
  5 water moccasins
  3 porcupines
  3 sky beasts
  An orc warrior (D:10)
  A necrophage (D:7)
  7 ice beasts
  8 ogres
  10 wolves (Lair:6)
  The ghost of Satyr the Ruffian, an amateur DrTm (D:3)
  2 phantoms
  4 centaurs
  6 crocodiles
  2 big kobolds
  2 gnoll sergeants (D:10)
  19 bullfrogs
  A wyvern skeleton (D:10)
  2 water moccasin skeletons
  A scorpion (D:5)
  9 killer bees
  3 wights (D:9)
  A vampire bat (Lair:5)
  An electric eel (Lair:4)
  A howler monkey (D:8)
  5 crimson imps
  A centaur zombie (D:6)
  5 lava snakes (Volcano)
  2 quasits (D:10)
  2 bullfrog zombies
  2 bullfrog skeletons
  4 centaur skeletons
  5 hounds
  A gnoll shaman (D:7)
  7 orc priests
  A jelly (D:6)
  15 orc wizards
  An iguana (D:8)
  10 worker ants
  A hound zombie (D:5)
  2 hound skeletons
  Robin (D:3)
  A howler monkey zombie (D:9)
  A worker ant zombie (D:9)
  13 gnolls
  13 adders
  A shadow imp (D:6)
  2 oozes (D:1)
  2 adder skeletons (D:4)
  3 worms
  4 dart slugs
  6 leopard geckos
  48 orcs
  7 giant cockroaches
  6 hobgoblins
  14 jackals
  3 quokkas
  2 ball pythons
  13 bats
  A frilled lizard (D:1)
  A giant cockroach zombie (D:5)
  8 goblins
  15 kobolds
  A leopard gecko zombie (D:8)
  2 quokka skeletons (D:5)
  3 rats
  2 fungi
  2 plants
450 creatures vanquished.

Vanquished Creatures (collateral kills)
  A two-headed ogre (D:8)
  A komodo dragon (Lair:4)
  A hornet (Lair:6)
  3 spriggans (Lair:6)
  An orc warrior (D:10)
  An ogre (D:10)
  A wolf (Lair:6)
  A big kobold (D:8)
  2 gnoll sergeants
  A crimson imp (D:8)
  2 gnolls (D:8)
  3 orcs
  A kobold (D:8)
19 creatures vanquished.

Vanquished Creatures (others)
  A hobgoblin (D:3)
  7 goblins (D:3)
  5 fungi
  5 plants
18 creatures vanquished.

Grand Total: 487 creatures vanquished

Notes
Turn   | Place    | Note
-------+----------+-------------------------------------------
     0 | D:1      | DerHolg the Minotaur Berserker began the quest for the Orb.
     0 | D:1      | Reached XP level 1. HP: 19/19 MP: 0/0
   215 | D:1      | Reached XP level 2. HP: 24/27 MP: 1/1
   231 | D:1      | Reached skill level 4 in Axes
   491 | D:1      | Reached XP level 3. HP: 28/33 MP: 2/2
   964 | D:2      | Reached XP level 4. HP: 31/40 MP: 3/3
  1063 | D:2      | Reached ** piety under Trog
  1198 | D:2      | Reached skill level 5 in Axes
  1570 | D:3      | Found a faded altar of an unknown god.
  1612 | D:3      | Reached XP level 5. HP: 47/47 MP: 4/4
  1735 | D:3      | Found a radiant altar of Vehumet.
  1843 | D:3      | Found a deep blue altar of Sif Muna.
  1856 | D:3      | Noticed Satyr's ghost (amateur DrTm)
  1873 | D:3      | Killed Satyr's ghost
  2053 | D:3      | Noticed Robin
  2066 | D:3      | Killed Robin
  2396 | D:3      | Reached skill level 6 in Axes
  2396 | D:3      | Reached XP level 6. HP: 51/55 MP: 5/5
  2602 | D:4      | Reached skill level 5 in Fighting
  2645 | D:4      | Reached *** piety under Trog
  2868 | D:4      | Found an opulent altar of Gozag.
  3036 | D:5      | Entered Level 5 of the Dungeon
  3116 | D:5      | Reached XP level 7. HP: 61/61 MP: 6/6
  3415 | D:5      | Reached skill level 7 in Axes
  3429 | D:5      | Noticed Eustachio
  3503 | D:5      | Killed Eustachio
  3503 | D:5      | Reached skill level 5 in Armour
  3663 | D:5      | Noticed a hippogriff
  3689 | D:5      | Killed a hippogriff
  3689 | D:5      | Reached skill level 8 in Axes
  3689 | D:5      | Reached skill level 5 in Dodging
  3689 | D:5      | Reached XP level 8. HP: 70/70 MP: 7/7
  4524 | D:6      | Reached **** piety under Trog
  4650 | D:6      | Found a shattered altar of Ashenzari.
  4718 | D:6      | Reached skill level 9 in Axes
  4883 | D:6      | Found a basalt altar of Yredelemnul.
  5201 | D:7      | Found a staircase to the Ecumenical Temple.
  5515 | D:7      | Found a glowing golden altar of the Shining One.
  5520 | D:7      | Found a stormy altar of Qazlal.
  5520 | D:7      | Found an iron altar of Okawaru.
  5528 | D:7      | Found a sparkling altar of Nemelex Xobeh.
  5531 | D:7      | Found a shimmering altar of Xom.
  5630 | D:7      | Reached XP level 9. HP: 79/79 MP: 8/8
  5739 | D:7      | Noticed Deemzul's ghost (novice DsBe)
  5765 | D:7      | Killed Deemzul's ghost
  5765 | D:7      | Reached skill level 10 in Axes
  6003 | D:8      | Found Wiclyno's Weapon Emporium.
  6093 | D:8      | Found Ocisi's General Store.
  6104 | D:8      | Reached ***** piety under Trog
  6112 | D:8      | Found an ornate altar of the Wu Jian Council.
  6361 | D:8      | Noticed loom's ghost (novice DsBe)
  6385 | D:8      | Killed loom's ghost
  6385 | D:8      | Reached skill level 11 in Axes
  6402 | D:8      | Noticed a meliai
  6402 | D:8      | an orc warrior changed into a meliai
  6405 | D:8      | Killed a meliai
  6405 | D:8      | Reached XP level 10. HP: 62/89 MP: 9/9
  6483 | D:8      | Noticed a two-headed ogre
  6490 | D:8      | Killed a two-headed ogre
  6592 | D:8      | Noticed Erica
  6612 | D:8      | Killed Erica
  6612 | D:8      | Reached skill level 12 in Axes
  6727 | D:8      | Received a gift from Trog
  6966 | D:8      | Noticed a two-headed ogre
  6974 | D:8      | Killed a two-headed ogre
  7090 | D:8      | Noticed a cyan ugly thing
  7096 | D:8      | Killed a cyan ugly thing
  7454 | D:9      | Found a hazy altar of Hepliaklqana.
  7473 | D:9      | You fall through a shaft!
  7473 | D:10     | Entered Level 10 of the Dungeon
  7473 | D:10     | Noticed a tengu warrior
  7473 | D:10     | Noticed a tengu warrior
  7479 | D:10     | Killed a tengu warrior
  7531 | D:9      | Reached XP level 11. HP: 97/98 MP: 10/10
  7551 | D:9      | Reached skill level 13 in Axes
  8348 | D:9      | Upgraded the game from 0.22-a0-388-g09e6169d0a to 0.22-a0-392-g5dc3fd9af9
  8515 | D:10     | Killed a tengu warrior
  8515 | D:10     | Reached skill level 10 in Fighting
  8665 | D:10     | Found Kyiwkaocs's Jewellery Shoppe.
  8783 | D:10     | Found a staircase to the Orcish Mines.
  8807 | D:10     | Reached skill level 10 in Armour
  9143 | D:10     | Found a staircase to the Lair.
  9275 | D:11     | Noticed a brown ugly thing
  9285 | D:11     | Killed a brown ugly thing
  9559 | D:11     | Reached skill level 14 in Axes
  9573 | D:11     | Noticed a white ugly thing
  9588 | D:11     | Killed a white ugly thing
  9895 | D:11     | Received a gift from Trog
 10244 | Lair:1   | Entered Level 1 of the Lair of Beasts
 11209 | Lair:2   | Reached XP level 12. HP: 109/109 MP: 11/11
 11215 | Lair:2   | Reached skill level 10 in Dodging
 11297 | Lair:2   | Found a hole to the Spider Nest.
 11839 | Lair:3   | Reached skill level 15 in Axes
 11921 | Lair:3   | Noticed a death yak
 11922 | Lair:3   | Noticed a death yak
 11937 | Lair:3   | Killed a death yak
 11940 | Lair:3   | Noticed a death yak
 11946 | Lair:3   | Killed a death yak
 11950 | Lair:3   | Killed a death yak
 12308 | Lair:3   | Found a dark tunnel.
 12316 | Volcano  | Entered a volcano
 12511 | Volcano  | Noticed a two-headed ogre
 12513 | Volcano  | Killed a two-headed ogre
 12553 | Volcano  | Found a radiant altar of Vehumet.
 12553 | Volcano  | Noticed a two-headed ogre
 12553 | Volcano  | Noticed a two-headed ogre
 12553 | Volcano  | Noticed an ogre mage
 12559 | Volcano  | Killed a two-headed ogre
 12559 | Volcano  | Reached skill level 16 in Axes
 12561 | Volcano  | Killed an ogre mage
 12562 | Volcano  | Killed a two-headed ogre
 12657 | Volcano  | Reached XP level 13. HP: 56/117 MP: 12/12
 13513 | Lair:3   | Found a staircase to the Shoals.
 14594 | Lair:4   | Upgraded the game from 0.22-a0-392-g5dc3fd9af9 to 0.22-a0-393-g7f50228948
 15551 | Lair:5   | Reached skill level 17 in Axes
 16173 | Lair:5   | Received a gift from Trog
 16933 | Lair:6   | Entered Level 6 of the Lair of Beasts
 17074 | Lair:6   | Reached ****** piety under Trog
 17163 | Lair:6   | Slain by a spriggan rider

Vault maps used:
D:1:      dpeg_arrival_rooms_c
D:2:      kennysheep_generic_room_9
D:3:      fiery_altar_vehumet, led_sif_book, chequers_ecumenical_altar_simple,
          minivault_23, uniq_robin
D:4:      nicolae_gozag_seed_capital
D:5:      first_ration, uniq_eustachio
D:6:      nicolae_overflow_crystal_walls, old_standard_altar
D:7:      minmay_overflow_temple_star_hex, minmay_temple_entry_junction
D:8:      cheibrodos_barr_body, old_standard_altar, serial_shops, shop, shop,
          uniq_erica
D:9:      basic_altar, item_on_display_a
D:10:     david_lair_shrubbed, kennysheep_orc_monster_closet_entryway,
          serial_shops, kennysheep_little_box
Lair:2:   spider_nest_entry_a, minmay_lair_oklob_bushes
Lair:3:   minmay_shoals_entry_lonely_mermaid, lightli_volcano_entry_magma_tube,
          infiniplex_staircase_pool
Lair:4:   minivault_19, kennysheep_catoblepas_arena, serial_bayou_shore_a,
          grunt_megastairs_3
Lair:5:   roderic_batcave
Lair:6:   minmay_lair_end_enchanted_forest, dpeg_slime_entry_enclosed_altar,
          grunt_forest_stairs_basic, bobbens_dragon_lair_wall
Volcano:  volcano_grotto

Skill      XL: |  1  2  3  4  5  6  7  8  9 10 11 12 13 |
---------------+----------------------------------------+-----
Axes           | 4 5 6 8 9 11 12 14 16 17 | 17.5
Fighting       | 4 5 6 7 8 9 11 12 13 | 13.2
Armour         | 3 4 5 6 8 9 10 11 13 | 13.0
Dodging        | 3 4 5 6 7 8 9 11 12 | 12.0

Action                   |  1- 3 |  4- 6 |  7- 9 | 10-12 | 13-15 || total
-------------------------+-------+-------+-------+-------+-------++-------
Melee: Hand axe          |    57 |   159 |   277 |       |       ||   493
       Headbutt          |    13 |    33 |    71 |   131 |    59 ||   307
       War axe           |       |       |    29 |    60 |       ||    89
       Broad axe         |       |       |       |    79 |       ||    79
       Battleaxe         |       |       |       |   341 |   269 ||   610
       Great mace        |       |       |       |       |     7 ||     7
Throw: Stone             |       |    17 |     1 |       |       ||    18
       Javelin           |       |       |     6 |    19 |       ||    25
Invok: Berserk           |       |     3 |     5 |     6 |     1 ||    15
       Brothers in Arms  |       |       |       |     2 |     2 ||     4
       Trog's Hand       |       |       |       |     3 |       ||     3
Evoke: Wand              |       |       |     2 |       |     1 ||     3
  Use: Scroll            |       |       |     8 |     9 |       ||    17
 Stab: Sleeping          |       |       |       |     1 |       ||     1
  Eat: Chunk             |       |     9 |    13 |    21 |     8 ||    51
       Ration            |       |       |     1 |     2 |     2 ||     5
Armor: Leather armour    |     4 |       |       |       |       ||     4
       Ring mail         |    13 |     6 |       |       |       ||    19
       Troll leather arm |       |    20 |    58 |   100 |       ||   178
       Chain mail        |       |       |       |       |    98 ||    98
Dodge: Dodged            |    18 |    92 |   184 |   379 |   158 ||   831

Table legend:
 A = Spawn XP
 B = Non-spawn XP
 C = Spawn XP percentage of total XP
 D = Spawn monster count
 E = Non-spawn monster count
 F = Spawn count percentage of total count
 G = Total turns spent on level
                    A         B        C        D         E        F      G
               +---------+---------+-------+---------+---------+-------+---------
         Total |       0 |   61491 |   0.0 |       0 |     465 |   0.0 | 17163
               +---------+---------+-------+---------+---------+-------+---------
           D:1 |       0 |      44 |   0.0 |       0 |      17 |   0.0 |   686
           D:2 |       0 |     133 |   0.0 |       0 |      27 |   0.0 |   871
           D:3 |       0 |     241 |   0.0 |       0 |      20 |   0.0 |   870
           D:4 |       0 |     204 |   0.0 |       0 |      17 |   0.0 |   694
           D:5 |       0 |    1170 |   0.0 |       0 |      31 |   0.0 |  1384
           D:6 |       0 |     571 |   0.0 |       0 |      18 |   0.0 |   706
           D:7 |       0 |    1254 |   0.0 |       0 |      14 |   0.0 |   639
           D:8 |       0 |    6033 |   0.0 |       0 |      62 |   0.0 |  1460
           D:9 |       0 |    1669 |   0.0 |       0 |      27 |   0.0 |  1061
          D:10 |       0 |    5163 |   0.0 |       0 |      50 |   0.0 |   946
          D:11 |       0 |    2823 |   0.0 |       0 |      26 |   0.0 |   927
        Lair:1 |       0 |    1954 |   0.0 |       0 |      10 |   0.0 |   908
        Lair:2 |       0 |    3207 |   0.0 |       0 |      14 |   0.0 |   662
        Lair:3 |       0 |   11063 |   0.0 |       0 |      28 |   0.0 |  1907
        Lair:4 |       0 |    7292 |   0.0 |       0 |      26 |   0.0 |  1320
        Lair:5 |       0 |    6829 |   0.0 |       0 |      35 |   0.0 |  1390
        Lair:6 |       0 |    4352 |   0.0 |       0 |      24 |   0.0 |   230
       Volcano |       0 |    7489 |   0.0 |       0 |      19 |   0.0 |   502
               +---------+---------+-------+---------+---------+-------+---------
